AA
BLOOMINGTON CARDINALS @ HARRISBURG CAPITALS
07/26/2059
 
TOP OF THE 1ST
Bloomington Cardinals batting - Pitching for Harrisburg Capitals : LHP Del Jones
Pitching: LHP Del Jones
Batting: RHB Davey Eastman 0-0: Ball
1-0: Ball
2-0: Ball
3-0: Called Strike
3-1: Base on Balls
Batting: RHB Cristian Osborne 0-0: Swinging Strike
0-1: Foul Ball, location: 2F
0-2: Strikes out swinging
Batting: SHB Davin Baker 0-0: Called Strike
Davey Eastman steals 2nd base
0-1: Called Strike
0-2: Ball
1-2: Foul Ball, location: 2F
1-2: Ball
2-2: Ball
3-2: Foul Ball, location: 2F
3-2: Fly out, F8 (Flyball, 8RD, EV 94.4 MPH)
Batting: RHB Johnny Jackson 0-0: Ball
1-0: Ball
2-0: Called Strike
2-1: SINGLE (Groundball, 56D, EV 95.6 MPH)
Davey Eastman to third
Runner from 3rd tries for Home, SAFE, throw by LF to home
Batting: RHB Darcey Hodnett 0-0: Fly out, F8 (Line Drive, 8RM, EV 99.4 MPH)
Top of the 1st over - 1 run, 1 hit, 0 errors, 1 left on base; Bloomington 1 - Harrisburg 0
BOTTOM OF THE 1ST
Harrisburg Capitals batting - Pitching for Bloomington Cardinals : RHP Kasey Wolf
Pitching: RHP Kasey Wolf
Batting: LHB K.C. Subagja 0-0: Fly out, F7 (Flyball, 7, EV 86.9 MPH)
Batting: RHB Eli Turner 0-0: Ball
1-0: Ground out 5-3 (Groundball, 56S, EV 72.5 MPH)
Batting: LHB Carnell Sighel 0-0: SOLO HOME RUN (Flyball, 9LD, EV 102.5 MPH), Distance : 373 ft
Batting: RHB Garrett Flickinger 0-0: Called Strike
0-1: Swinging Strike
0-2: Strikes out swinging
Bottom of the 1st over - 1 run, 1 hit, 0 errors, 0 left on base; Bloomington 1 - Harrisburg 1
TOP OF THE 2ND
Bloomington Cardinals batting - Pitching for Harrisburg Capitals : LHP Del Jones
Batting: RHB Kristian Malley 0-0: Ball
1-0: Bunt missed!
1-1: Ground out 6-3 (Groundball, 56, EV 88.1 MPH)
Batting: RHB Johnny Bunkley 0-0: Ball
1-0: Ball
2-0: Ball
3-0: Called Strike
3-1: Ground out 5-3 (Groundball, 5, EV 83.8 MPH)
Batting: RHB Jessie Himes 0-0: Foul Ball, location: 2F
0-1: Foul Ball, location: 2F
0-2: Ball
1-2: Ground out 6-3 (Groundball, 56, EV 86.9 MPH)
Top of the 2nd over - 0 runs, 0 hits, 0 errors, 0 left on base; Bloomington 1 - Harrisburg 1
BOTTOM OF THE 2ND
Harrisburg Capitals batting - Pitching for Bloomington Cardinals : RHP Kasey Wolf
Batting: RHB Jesse Vala 0-0: Called Strike
0-1: Ground out 6-3 (Groundball, 6, EV 90.0 MPH)
Batting: LHB Beau Jindrisek 0-0: Fly out, F8 (Flyball, 8RD, EV 101.9 MPH)
Batting: RHB Julian Liszewski 0-0: Called Strike
0-1: Foul Ball, location: 2F
0-2: Ball
1-2: Ball
2-2: SINGLE (Line Drive, 78S, EV 92.5 MPH)
Batting: RHB Zack Jackson 0-0: Ball
1-0: Ball
2-0: Called Strike
2-1: SINGLE (Groundball, 34D, EV 105.0 MPH)
Julian Liszewski to second
Throwing error, E9
Julian Liszewski scores
Zack Jackson to second
Batting: RHB Deric Sykora 0-0: Ground out 6-3 (Groundball, 6M, EV 84.4 MPH)
Bottom of the 2nd over - 1 run, 2 hits, 1 error, 1 left on base; Bloomington 1 - Harrisburg 2
TOP OF THE 3RD
Bloomington Cardinals batting - Pitching for Harrisburg Capitals : LHP Del Jones
Batting: RHB Parker Hayek 0-0: Fly out, F7 (Line Drive, 78S, EV 108.8 MPH)
Batting: RHB Davey Eastman 0-0: Called Strike
0-1: Ball
1-1: Called Strike
1-2: Ball
2-2: Strikes out swinging, 2-3 out at first.
Batting: RHB Cristian Osborne 0-0: Called Strike
0-1: Ball
1-1: Foul Ball, location: 2F
1-2: Fly out, F6 (Line Drive, 6, EV 70.6 MPH)
Top of the 3rd over - 0 runs, 0 hits, 0 errors, 0 left on base; Bloomington 1 - Harrisburg 2
BOTTOM OF THE 3RD
Harrisburg Capitals batting - Pitching for Bloomington Cardinals : RHP Kasey Wolf
Batting: LHB K.C. Subagja 0-0: Ball
1-0: Ball
2-0: Called Strike
2-1: Swinging Strike
2-2: Strikes out looking
Batting: RHB Eli Turner 0-0: Ball
1-0: Called Strike
1-1: Ball
2-1: Ball
3-1: Base on Balls
Batting: LHB Carnell Sighel 0-0: Ball
1-0: SINGLE (Groundball, 34, EV 95.6 MPH)
Eli Turner to second
Runner from 2nd tries for 3rd, SAFE, no throw by RF
Batting: RHB Garrett Flickinger 0-0: Ball
1-0: Called Strike
1-1: Ball
2-1: Fly out, F9 (Line Drive, 9LS, EV 93.1 MPH)
Batting: RHB Jesse Vala 0-0: Swinging Strike
0-1: Foul Ball, location: 2F
0-2: Ball
1-2: Ball
2-2: Strikes out swinging
Bottom of the 3rd over - 0 runs, 1 hit, 0 errors, 2 left on base; Bloomington 1 - Harrisburg 2
TOP OF THE 4TH
Bloomington Cardinals batting - Pitching for Harrisburg Capitals : LHP Del Jones
Batting: SHB Davin Baker 0-0: Ball
1-0: Ball
2-0: Fly out, F6 (Line Drive, 6D, EV 69.4 MPH)
Batting: RHB Johnny Jackson 0-0: Called Strike
0-1: Fly out, F8 (Flyball, 8RD, EV 99.4 MPH)
Batting: RHB Darcey Hodnett 0-0: Ball
1-0: Ball
2-0: Called Strike
2-1: Called Strike
2-2: DOUBLE (Groundball, 5L, EV 94.4 MPH)
Batting: RHB Kristian Malley 0-0: Foul Ball, location: 2F
0-1: Called Strike
0-2: Fly out, F8 (Flyball, 8RD, EV 97.5 MPH)
Top of the 4th over - 0 runs, 1 hit, 0 errors, 1 left on base; Bloomington 1 - Harrisburg 2
BOTTOM OF THE 4TH
Harrisburg Capitals batting - Pitching for Bloomington Cardinals : RHP Kasey Wolf
Batting: LHB Beau Jindrisek 0-0: Ball
1-0: Ball
2-0: Called Strike
2-1: Ball
3-1: Base on Balls
Batting: RHB Julian Liszewski 0-0: Ball
Beau Jindrisek is caught stealing 2nd base 2-4
1-0: Foul Ball, location: 2F
1-1: DOUBLE (Line Drive, 3D, EV 94.4 MPH)
Batting: RHB Zack Jackson 0-0: Ball
1-0: Ball
2-0: Ball
3-0: Called Strike
3-1: Called Strike
3-2: Ground out 1-3 (Groundball, 13S, EV 67.5 MPH)
Julian Liszewski to third
Batting: RHB Deric Sykora 0-0: Called Strike
0-1: Swinging Strike
0-2: Foul Ball, location: 2F
0-2: Ball
1-2: Ball
2-2: Strikes out swinging
Bottom of the 4th over - 0 runs, 1 hit, 0 errors, 1 left on base; Bloomington 1 - Harrisburg 2
TOP OF THE 5TH
Bloomington Cardinals batting - Pitching for Harrisburg Capitals : LHP Del Jones
Batting: RHB Johnny Bunkley 0-0: Ball
1-0: Foul Ball, location: 2F
1-1: DOUBLE (Line Drive, 7LD, EV 107.5 MPH)
Batting: RHB Jessie Himes 0-0: Ball
Passed Ball!
Johnny Bunkley to third
1-0: Ball
2-0: Ball
3-0: Called Strike
3-1: Base on Balls
Batting: RHB Parker Hayek 0-0: Foul Ball, location: 2F
0-1: Ball
1-1: Ball
2-1: Called Strike
2-2: Foul Ball, location: 2F
2-2: Strikes out swinging
Batting: RHB Davey Eastman 0-0: Called Strike
0-1: Called Strike
0-2: Ball
1-2: Ground out 5-3 (Groundball, 56, EV 83.1 MPH)
Jessie Himes to second
Batting: RHB Cristian Osborne 0-0: Called Strike
0-1: Ball
1-1: Ball
2-1: Swinging Strike
2-2: Ball
3-2: Ground out 5-3 (Groundball, 56, EV 93.8 MPH)
Top of the 5th over - 0 runs, 1 hit, 0 errors, 2 left on base; Bloomington 1 - Harrisburg 2
BOTTOM OF THE 5TH
Harrisburg Capitals batting - Pitching for Bloomington Cardinals : RHP Kasey Wolf
Batting: LHB K.C. Subagja 0-0: Called Strike
0-1: Ball
1-1: SOLO HOME RUN (Line Drive, 9D, EV 100.6 MPH), Distance : 385 ft
Batting: RHB Eli Turner 0-0: Called Strike
0-1: Fly out, F9 (Flyball, 9D, EV 82.5 MPH)
Batting: LHB Carnell Sighel 0-0: Called Strike
0-1: Ball
1-1: Fly out, F6 (Flyball, 6MD, EV 80.6 MPH)
Batting: RHB Garrett Flickinger 0-0: Called Strike
0-1: Ball
1-1: Swinging Strike
1-2: Fly out, F9 (Flyball, 89M, EV 93.8 MPH)
Bottom of the 5th over - 1 run, 1 hit, 0 errors, 0 left on base; Bloomington 1 - Harrisburg 3
TOP OF THE 6TH
Bloomington Cardinals batting - Pitching for Harrisburg Capitals : LHP Del Jones
Batting: SHB Davin Baker 0-0: Ground out 5-3 (Groundball, 56, EV 76.2 MPH)
Batting: RHB Johnny Jackson 0-0: Called Strike
0-1: Called Strike
0-2: Ball
1-2: Ball
2-2: Fly out, F4 (Popup, 34S, EV 91.9 MPH)
Batting: RHB Darcey Hodnett 0-0: Ball
1-0: Swinging Strike
1-1: Foul Ball, location: 2F
1-2: Ball
2-2: Ball
3-2: Ground out 3-1 (Groundball, 34, EV 84.4 MPH)
Top of the 6th over - 0 runs, 0 hits, 0 errors, 0 left on base; Bloomington 1 - Harrisburg 3
BOTTOM OF THE 6TH
Harrisburg Capitals batting - Pitching for Bloomington Cardinals : RHP Kasey Wolf
Batting: RHB Jesse Vala 0-0: Called Strike
0-1: Ball
1-1: Called Strike
1-2: Ball
2-2: Ground out 6-3 (Groundball, 6, EV 79.4 MPH)
Batting: LHB Beau Jindrisek 0-0: Ball
1-0: Ball
2-0: Ball
3-0: Called Strike
3-1: Foul Ball, location: 2F
3-2: Strikes out swinging
Batting: RHB Julian Liszewski 0-0: Called Strike
0-1: Called Strike
0-2: Ball
1-2: Foul Ball, location: 2F
1-2: Strikes out swinging
Bottom of the 6th over - 0 runs, 0 hits, 0 errors, 0 left on base; Bloomington 1 - Harrisburg 3
TOP OF THE 7TH
Bloomington Cardinals batting - Pitching for Harrisburg Capitals : LHP Del Jones
Now at 1B: Tyler Johnson
Batting: RHB Kristian Malley 0-0: Called Strike
0-1: SOLO HOME RUN (Flyball, 9LD, EV 99.4 MPH), Distance : 363 ft
Batting: RHB Johnny Bunkley 0-0: Ball
1-0: Ball
2-0: Called Strike
2-1: Ball
3-1: Called Strike
3-2: Foul Ball, location: 2F
3-2: Base on Balls
Pitching: RHP Colton Southerland
Batting: RHB Jessie Himes 0-0: Ball
1-0: Foul Ball, location: 2F
1-1: Fly out, F9 (Flyball, 9, EV 88.8 MPH)
Batting: RHB Parker Hayek 0-0: Foul Ball, location: 2F
0-1: Called Strike
0-2: Ball
1-2: Fly out, F8 (Line Drive, 89M, EV 94.4 MPH)
Batting: RHB Davey Eastman 0-0: Ball
1-0: SINGLE (Groundball, 56D, EV 100.6 MPH)
Johnny Bunkley to second
Runner from 2nd tries for 3rd, SAFE, no throw by LF
Batting: RHB Cristian Osborne 0-0: Called Strike
0-1: Fielders Choice at 2nd, 6-4 (Groundball, 6, EV 90.0 MPH)
Top of the 7th over - 1 run, 2 hits, 0 errors, 2 left on base; Bloomington 2 - Harrisburg 3
BOTTOM OF THE 7TH
Harrisburg Capitals batting - Pitching for Bloomington Cardinals : RHP Kasey Wolf
Pitching: RHP Nash Austin
Batting: RHB Zack Jackson 0-0: Foul Ball, location: 2F
0-1: Foul Ball, location: 2F
0-2: Strikes out swinging
Batting: RHB Deric Sykora 0-0: Swinging Strike
0-1: Foul Ball, location: 2F
0-2: Foul Ball, location: 2F
0-2: Foul Ball, location: 2F
0-2: Ball
1-2: Fly out, F9 (Flyball, 9D, EV 94.4 MPH)
Batting: LHB K.C. Subagja 0-0: Called Strike
0-1: Ball
1-1: Fly out, F9 (Line Drive, 89S, EV 95.6 MPH)
Bottom of the 7th over - 0 runs, 0 hits, 0 errors, 0 left on base; Bloomington 2 - Harrisburg 3
TOP OF THE 8TH
Bloomington Cardinals batting - Pitching for Harrisburg Capitals : RHP Colton Southerland
Batting: SHB Davin Baker 0-0: Ball
1-0: Foul Ball, location: 2F
1-1: Swinging Strike
1-2: Ground out 4-3 (Groundball, 4, EV 80.6 MPH)
Batting: RHB Johnny Jackson 0-0: Foul Ball, location: 2F
0-1: Ball
1-1: Foul Ball, location: 2F
1-2: Foul Ball, location: 2F
1-2: Ball
2-2: Ball
3-2: Base on Balls
Batting: RHB Darcey Hodnett 0-0: Ball
1-0: Foul Ball, location: 2F
1-1: Foul Ball, location: 2F
1-2: Fly out, F8 (Flyball, 8RS, EV 89.4 MPH)
Pitching: RHP Tim Paul
Batting: RHB Kristian Malley 0-0: Called Strike
0-1: Ball
1-1: Foul Ball, location: 2F
1-2: Foul Ball, location: 2F
1-2: Ball
2-2: Strikes out swinging
Top of the 8th over - 0 runs, 0 hits, 0 errors, 1 left on base; Bloomington 2 - Harrisburg 3
BOTTOM OF THE 8TH
Harrisburg Capitals batting - Pitching for Bloomington Cardinals : RHP Nash Austin
Batting: RHB Eli Turner 0-0: Ball
1-0: Ball
2-0: Foul Ball, location: 2F
2-1: Ground out 5-3 (Groundball, 56, EV 81.2 MPH)
Batting: LHB Carnell Sighel 0-0: Foul Ball, location: 2F
0-1: Swinging Strike
0-2: Fly out, F7 (Flyball, 7LS, EV 88.1 MPH)
Pitching: RHP Dave Bell
Batting: RHB Garrett Flickinger 0-0: Ball
1-0: Called Strike
1-1: Swinging Strike
1-2: Foul Ball, location: 2F
1-2: Strikes out swinging
Bottom of the 8th over - 0 runs, 0 hits, 0 errors, 0 left on base; Bloomington 2 - Harrisburg 3
TOP OF THE 9TH
Bloomington Cardinals batting - Pitching for Harrisburg Capitals : RHP Tim Paul
Batting: RHB Johnny Bunkley 0-0: Ball
1-0: Swinging Strike
1-1: Foul Ball, location: 2F
1-2: Ball
2-2: SOLO HOME RUN (Flyball, 9D, EV 99.4 MPH), Distance : 367 ft
Batting: RHB Jessie Himes 0-0: Called Strike
0-1: Called Strike
0-2: Foul Ball, location: 2F
0-2: Strikes out looking
Batting: RHB Parker Hayek 0-0: Ball
1-0: Called Strike
1-1: Called Strike
1-2: Foul Ball, location: 2F
1-2: Ball
2-2: Foul Ball, location: 2F
2-2: Ball
3-2: Ground out 4-3 (Groundball, 34, EV 88.1 MPH)
Batting: RHB Davey Eastman 0-0: Called Strike
0-1: Ball
1-1: Swinging Strike
1-2: Strikes out swinging
Top of the 9th over - 1 run, 1 hit, 0 errors, 0 left on base; Bloomington 3 - Harrisburg 3
BOTTOM OF THE 9TH
Harrisburg Capitals batting - Pitching for Bloomington Cardinals : RHP Dave Bell
Batting: LHB Tyler Johnson 0-0: Ball
1-0: Called Strike
1-1: Ground out 4-3 (Groundball, 34, EV 100.0 MPH)
Batting: LHB Beau Jindrisek 0-0: Called Strike
0-1: Foul Ball, location: 2F
0-2: Ball
1-2: Foul Ball, location: 2F
1-2: Strikes out looking
Batting: RHB Julian Liszewski 0-0: Called Strike
0-1: Foul Ball, location: 2F
0-2: Strikes out swinging
Bottom of the 9th over - 0 runs, 0 hits, 0 errors, 0 left on base; Bloomington 3 - Harrisburg 3
TOP OF THE 10TH
Bloomington Cardinals batting - Pitching for Harrisburg Capitals : RHP Tim Paul
Batting: RHB Cristian Osborne 0-0: Swinging Strike
0-1: Foul Ball, location: 2F
0-2: Strikes out swinging
Pitching: RHP Kurtis Sipin
Batting: SHB Davin Baker 0-0: Ball
1-0: Ball
2-0: Called Strike
2-1: Swinging Strike
2-2: Ball
3-2: SINGLE (Groundball, 4MD, EV 98.1 MPH)
Batting: RHB Johnny Jackson 0-0: Ball
Davin Baker is caught stealing 2nd base 2-4
1-0: Ball
2-0: Ground out 6-3 (Groundball, 6MD, EV 83.1 MPH)
Top of the 10th over - 0 runs, 1 hit, 0 errors, 0 left on base; Bloomington 3 - Harrisburg 3
BOTTOM OF THE 10TH
Harrisburg Capitals batting - Pitching for Bloomington Cardinals : RHP Dave Bell
Pitching: RHP Jonathon Wideman
Batting: RHB Zack Jackson 0-0: Called Strike
0-1: Swinging Strike
0-2: Ball
1-2: Ball
2-2: SINGLE (Groundball, 56D, EV 103.8 MPH)
Batting: RHB Deric Sykora 0-0: Bunt missed!
0-1: Bunt - Flyout to 15! F1
Batting: LHB K.C. Subagja 0-0: Called Strike
0-1: Called Strike
0-2: Ball
1-2: Foul Ball, location: 2F
1-2: Strikes out swinging
Batting: RHB Eli Turner 0-0: Foul Ball, location: 2F
0-1: Ball
1-1: Foul Ball, location: 2F
1-2: Ball
2-2: Strikes out swinging
Bottom of the 10th over - 0 runs, 1 hit, 0 errors, 1 left on base; Bloomington 3 - Harrisburg 3
TOP OF THE 11TH
Bloomington Cardinals batting - Pitching for Harrisburg Capitals : RHP Kurtis Sipin
Batting: RHB Darcey Hodnett 0-0: Called Strike
0-1: Ball
1-1: SINGLE (Groundball, 6MD, EV 98.8 MPH)
Batting: RHB Kristian Malley 0-0: Bunt missed!
0-1: Sac Bunt to P - play at first, batter OUT! 1-3
Darcey Hodnett to second
Batting: RHB Johnny Bunkley 0-0: Ball
1-0: Ball
2-0: Fly out, F9 (Flyball, 89M, EV 86.2 MPH)
Batting: RHB Jessie Himes 0-0: Ball
1-0: Called Strike
1-1: Swinging Strike
1-2: Ball
2-2: Strikes out swinging
Top of the 11th over - 0 runs, 1 hit, 0 errors, 1 left on base; Bloomington 3 - Harrisburg 3
BOTTOM OF THE 11TH
Harrisburg Capitals batting - Pitching for Bloomington Cardinals : RHP Jonathon Wideman
Pitching: RHP Julian Sussman
Batting: LHB Carnell Sighel 0-0: SINGLE (Groundball, 4MS, EV 67.5 MPH) (infield hit)
Batting: RHB Garrett Flickinger 0-0: Called Strike
0-1: Ball
1-1: Ball
2-1: Fielders Choice at 2nd, 3-6 (Groundball, 3S, EV 90.0 MPH)
Batting: LHB Tyler Johnson 0-0: SINGLE (Groundball, 34D, EV 102.5 MPH)
Garrett Flickinger to second
Pinch Runner at 2nd Nikolas Sartain:
Batting: LHB Beau Jindrisek 0-0: Foul Ball, location: 2F
0-1: Called Strike
0-2: Foul Ball, location: 2F
0-2: Ball
1-2: Foul Ball, location: 2F
1-2: Strikes out swinging
Batting: RHB Julian Liszewski 0-0: Called Strike
0-1: Foul Ball, location: 2F
0-2: Fly out, F8 (Line Drive, 8LD, EV 106.9 MPH)
Bottom of the 11th over - 0 runs, 2 hits, 0 errors, 2 left on base; Bloomington 3 - Harrisburg 3
TOP OF THE 12TH
Bloomington Cardinals batting - Pitching for Harrisburg Capitals : RHP Kurtis Sipin
Now at 2B: Nikolas Sartain
Pinch Hitting: LHB Kendall Loflin 0-0: Ground out 5-3 (Groundball, 56, EV 77.5 MPH)
Batting: RHB Davey Eastman 0-0: Called Strike
0-1: Ball
1-1: Foul Ball, location: 2F
1-2: Foul Ball, location: 2F
1-2: Ball
2-2: Strikes out swinging
Pitching: RHP Samuel Zimmerman
Batting: RHB Cristian Osborne 0-0: Ball
1-0: Ground out 5-3 (Groundball, 5, EV 79.4 MPH)
Top of the 12th over - 0 runs, 0 hits, 0 errors, 0 left on base; Bloomington 3 - Harrisburg 3
BOTTOM OF THE 12TH
Harrisburg Capitals batting - Pitching for Bloomington Cardinals : RHP Julian Sussman
Now at C: Derrick Shannon
Batting: RHB Zack Jackson 0-0: Called Strike
0-1: Ball
1-1: Ground out 4-3 (Groundball, 4S, EV 90.6 MPH)
Batting: RHB Deric Sykora 0-0: DOUBLE (Groundball, 5L, EV 107.5 MPH)
Batting: LHB K.C. Subagja 0-0: Intentional Walk
Batting: RHB Eli Turner 0-0: Ball
1-0: Foul Ball, location: 2F
1-1: Ball
2-1: Ground out 5-3 (Groundball, 56S, EV 68.1 MPH)
Deric Sykora to third
K.C. Subagja to second
Batting: LHB Carnell Sighel 0-0: Intentional Walk
Batting: RHB Nikolas Sartain 0-0: Called Strike
0-1: Swinging Strike
0-2: Foul Ball, location: 2F
0-2: Strikes out swinging
Bottom of the 12th over - 0 runs, 1 hit, 0 errors, 3 left on base; Bloomington 3 - Harrisburg 3
TOP OF THE 13TH
Bloomington Cardinals batting - Pitching for Harrisburg Capitals : RHP Samuel Zimmerman
Batting: SHB Davin Baker 0-0: Called Strike
0-1: Called Strike
0-2: Ball
1-2: Ball
2-2: DOUBLE (Line Drive, 8LXD, EV 106.9 MPH)
Batting: RHB Johnny Jackson 0-0: Called Strike
0-1: Called Strike
0-2: Hit by Pitch
Batting: RHB Darcey Hodnett 0-0: Called Strike
0-1: Foul Ball, location: 2F
0-2: Strikes out swinging
Batting: RHB Kristian Malley 0-0: Called Strike
0-1: Ball
1-1: Swinging Strike
1-2: Ball
2-2: Strikes out swinging
Batting: RHB Johnny Bunkley 0-0: Ball
1-0: Ball
2-0: Ball
3-0: Base on Balls
Davin Baker to third
Johnny Jackson to second
Pitching: RHP Kevin Craig
Batting: RHB Jessie Himes 0-0: Called Strike
0-1: Called Strike
0-2: Ball
1-2: Reached on error, E5 (Groundball, 5, EV 102.5 MPH)
Davin Baker scores
Johnny Jackson to third
Johnny Bunkley to second
Batting: RHB Derrick Shannon 0-0: Called Strike
0-1: Ball
1-1: Swinging Strike
1-2: Ball
2-2: Ball
3-2: Base on Balls
Johnny Jackson scores
Johnny Bunkley to third
Jessie Himes to second
Batting: RHB Davey Eastman 0-0: Ball
1-0: Ball
2-0: Fielders Choice at 2nd, 5-4 (Groundball, 5L, EV 83.1 MPH)
Top of the 13th over - 2 runs, 1 hit, 1 error, 3 left on base; Bloomington 5 - Harrisburg 3
BOTTOM OF THE 13TH
Harrisburg Capitals batting - Pitching for Bloomington Cardinals : RHP Julian Sussman
Now at 1B: Wade Carter
Batting: LHB Tyler Johnson 0-0: Foul Ball, location: 2F
0-1: Ball
1-1: Called Strike
1-2: Ground out 4-3 (Groundball, 4, EV 101.9 MPH)
Pitching: RHP Samuel Crosby
Batting: LHB Beau Jindrisek 0-0: Ball
1-0: Called Strike
1-1: Fly out, F8 (Flyball, 89D, EV 96.9 MPH)
Batting: RHB Julian Liszewski 0-0: Ball
1-0: Called Strike
1-1: Swinging Strike
1-2: Ball
2-2: SINGLE (Groundball, 34D, EV 106.9 MPH)
Batting: RHB Zack Jackson 0-0: Called Strike
0-1: Called Strike
0-2: Foul Ball, location: 2F
0-2: Ball
1-2: Strikes out swinging
Bottom of the 13th over - 0 runs, 1 hit, 0 errors, 1 left on base; Bloomington 5 - Harrisburg 3
Sunday, March 17th , 2024 - OOTP Baseball 23.10 Build 110